 Dungeon Crawl Stone Soup version 0.30.1-11-g7821555f0a (webtiles) character file.

Game seed: 2269306651720951389

31 GreatBamboolord the Magician (level 3, -1/27 HPs)
             Began as a Djinni Necromancer on Dec 1, 2023.
             Slain by an adder (4 damage)
             ... on level 2 of the Dungeon.
             The game lasted 00:03:20 (1005 turns).

GreatBamboolord the Magician (Djinni Necromancer)   Turns: 1005, Time: 00:03:21

Health: -1/27      AC:  3    Str:  7    XL:     3   Next: 40%
Gold:   23         EV: 12    Int: 18    God:
                   SH:  0    Dex: 13

rFire   + + .        (no weapon)
rCold   x . .        (no shield)
rNeg    . . .        a - +0 robe
rPois   ∞            (no helmet)
rElec   .            (no cloak)
rCorr   .            e - +0 pair of gloves
SInv    .            (boots unavailable)
Will    .....        (no amulet)
Stlth   ++           (no ring)
HPRegen 0.24/turn    (no ring)
MPRegen 0.00/turn

%: infuse magic (-2 HP)
@: flying
A: sickness immunity, fire resistance 2, cold vulnerability 1, float, innate
caster, HP casting, extra vitality 1
a: no special abilities


You were on level 2 of the Dungeon.
You visited 1 branch of the dungeon, and saw 2 of its levels.

You collected 59 gold pieces.
You spent 36 gold pieces at shops.

Inventory:

Armour
 a - a +0 robe (worn)
 e - a +0 pair of gloves (worn)
Scrolls
 c - 2 scrolls of identify {unknown}
 g - a scroll of vulnerability {unknown}
Potions
 b - 3 potions of heal wounds {unknown}
 d - a potion of ambrosia {unknown}
 f - a potion of curing


   Skills:
 + Level 1.0 Fighting
 + Level 2.6 Dodging
 + Level 2.0 Stealth
 * Level 3.5 Spellcasting


You knew the following spells:

 Your Spells              Type           Power      Damage    Failure   Level
a - Necrotise             Necr           64%        1d7       3%          1
b - Vampiric Draining     Necr           16%        2d7       11%         3
c - Animate Dead          Necr           16%        N/A       34%         4
d - Agony                 Necr           16%        N/A       69%         5
e - Shock                 Conj/Air       64%        1d7       3%          1
Your spell library was empty.

Dungeon Overview and Level Annotations

Branches:
Dungeon (2/15)

Altars:

Shops:
D:1 [*((*


Innate Abilities, Weirdness & Mutations

You are immune to sickness and miasma.
You are immune to poison.
Your flesh is very heat resistant. (rF++)
You are vulnerable to cold. (rC-)
You float through the air rather than walking.
You learn spells naturally, not from books.
Your magical power is your life essence.
You have superior vitality. (+4 MHP)


Message History

Confirm with . or Enter, or press ? or * to list all spells.
Aiming: Shock (safe; 3% risk of failure)
Press: ? - help, Shift-Dir - straight line, f/p - hobgoblin
Aim: a hobgoblin (almost dead, ally target, 71% to hit)
The zap misses the adder.
The zap hits the ball python.
You kill the ball python!
The zap misses the hobgoblin.
The adder bites you.
* * * LOW HITPOINT WARNING * * *
Unknown command.
Casting: Shock (safe; 3% risk of failure)
Confirm with . or Enter, or press ? or * to list all spells.
You don't know that spell.
Casting: Shock (safe; 3% risk of failure)
Confirm with . or Enter, or press ? or * to list all spells.
Aiming: Shock (safe; 3% risk of failure)
Press: ? - help, Shift-Dir - straight line, f - frilled lizard, p - hobgoblin
Aim: a frilled lizard (53% to hit)
The zap misses the adder.
The zap hits the hobgoblin.
You kill the hobgoblin!
The zap misses the frilled lizard.
* * * LOW HITPOINT WARNING * * *
The adder bites you.
* * * LOW HITPOINT WARNING * * *
Your rat skeleton bites the frilled lizard.
The frilled lizard dies!
Unknown command.
Casting: Shock (safe; 3% risk of failure)
Confirm with . or Enter, or press ? or * to list all spells.
Aiming: Shock (safe; 3% risk of failure)
Press: ? - help, Shift-Dir - straight line, f/p - frilled lizard
Aim: a frilled lizard (ally target, 53% to hit)
The zap hits the adder.
The adder is almost dead.
The zap hits the frilled lizard.
You kill the frilled lizard!
* * * LOW HITPOINT WARNING * * *
The adder bites you.
* * * LOW HITPOINT WARNING * * *
The adder bites you.
You die...

.....# ......# .......
....... .......###
.........#
........Z#######
....)...)ZS@...###### #
.........#####......####
# .........#
######....#####
........$. ####......
........<## #######
.........# # ?....#....
# #.#######.


You could see an adder (ally target), a friendly rat skeleton and a friendly
hobgoblin skeleton.

Vanquished Creatures
  A dart slug (D:1)
  2 endoplasms
  A giant cockroach (D:1)
  2 goblins (D:1)
  5 hobgoblins
  A quokka (D:1)
  3 ball pythons
  5 frilled lizards
  3 kobolds
  3 rats
26 creatures vanquished.

Vanquished Creatures (collateral kills)
  A goblin (D:1)
  A frilled lizard (D:2)
  A rat (D:1)
3 creatures vanquished.

Grand Total: 29 creatures vanquished

Notes
Turn   | Place    | Note
-------+----------+-------------------------------------------
     0 | D:1      | GreatBamboolord the Djinni Necromancer began the quest for
                  | the Orb.
     0 | D:1      | GreatBamboolord set off with the following spells
                  | memorised: Necrotise, Vampiric Draining, Animate Dead,
                  | Agony.
     0 | D:1      | Reached XP level 1. HP: 15/15 MP: 0/0
    27 | D:1      | Found Gompedib's Weapon Shoppe.
   152 | D:1      | Reached XP level 2. HP: 15/22 MP: 0/0
   159 | D:1      | Found Jivis's General Store.
   278 | D:1      | Found Minu's Weapon Boutique.
   315 | D:1      | Found Woshrappa's General Store.
   520 | D:1      | Found Sesuf's Armour Emporium.
   593 | D:1      | Reached XP level 3. HP: 25/26 MP: 0/0
   593 | D:1      | Learned a level 1 spell: Shock
   841 | D:1      | Bought a potion of curing for 36 gold pieces
  1003 | D:2      | Reached skill level 1 in Fighting
  1005 | D:2      | Slain by an adder

Illustrated notes

Levels and vault maps discovered:
D:1:      lightli_arrival_maybe_door_vault, layout_loops_ring, serial_shops,
          nicolae_shop_behind_doors, nicolae_shop_bloodbath_and_beyond,
          shop_fountains, nicolae_shop_window_shopping, nicolae_shop_tiny_glass,
          hangedman_decor_slide_cut
D:2:      layout_rooms, minmay_split_cup_large

Skill      XL: |  1  2  3 |
---------------+----------+-----
Stealth        | 2 |  2.0
Fighting       | 1 |  1.0
Dodging        | |  2.6
Spellcasting   | |  3.5

Action                     || total
---------------------------++-------
  Melee: Unarmed           ||     2
   Cast: Necrotise         ||    46
         Shock             ||     4
 Armour: Robe              ||     4
  Dodge: Dodged            ||     9
